AoeStats
← Crazy_Owl

Four Lakes

509380404Analyzed
1v1 RM · 7d ago on Sep 26, 2026· 33m 41s· 2 players
Game mode
Random Map
Map size
Tiny (2 player)
Population
200
Speed
Normal
Resources
Standard
Victory
Conquest
Starting age
Dark Age
Ending age
Imperial Age
RankedLock teamsTeams togetherTeam positionsShared explorationLock speedFull tech treeHidden civsTurbo modeCheats
Victory
Defeat
🇳🇱 Goths · Netherlands
887
+15
🇧🇷 Britons · Brazil
863
-32
vitinho
5:37 Loom
9:02 Feudal Age
9:59 Man-at-Arms
10:42 Double-Bit Axe
14:30 Horse Collar
16:05 Gold Mining
17:57 Fletching
19:37 Padded Archer Armor
24:21 Castle Age
24:25 Crossbowman
25:01 Bodkin Arrow
25:17 Bow Saw
25:44 Gold Shaft Mining
25:10 Heavy Plow
33:42 Wheelbarrow
Crazy_Owl
8:16 Loom
10:45 Feudal Age
12:04 Wheelbarrow
11:11 Horse Collar
11:46 Double-Bit Axe
13:24 Man-at-Arms
16:22 Scale Mail Armor
16:21 Fishing Lines
17:47 Forging
19:56 Castle Age
24:34 Gillnets
24:43 Gold Mining
25:02 Squires
25:55 Bow Saw
26:52 Pikeman
28:26 Chain Mail Armor
29:43 Forging
32:58 Iron Casting
36:24 Imperial Age
34:22 Ballistics
34:14 Masonry
33:58 Fletching
Connection lost

Rejoining the realm…

Still unreachable

The connection could not be restored.

Session expired

The server has moved on; the page needs a fresh start.